 Dungeon Crawl Stone Soup version 0.17.0-28-g6e173f8 (webtiles) character file.

259 lucasterio the Ruffian (level 5, 0/40 HPs)
             Began as a Draconian Transmuter on Dec 1, 2015.
             Succumbed to a worker ant's poison
             ... on level 4 of the Dungeon.
             The game lasted 00:09:25 (3600 turns).

lucasterio the Ruffian (Draconian Transmuter)       Turns: 3600, Time: 00:09:25

Health: 0/40       AC:  6    Str: 14    XL:     5   Next: 94%
Magic:  8/8        EV: 13    Int: 13    God:
Gold:   201        SH:  0    Dex: 11    Spells: 1 memorised, 7 levels left

rFire  . . .     SeeInvis .       - Unarmed
rCold  . . .     Clarity  .     (armour unavailable)
rNeg   . . .     SustAt   .     (no shield)
rPois  .         Gourm    .     (helmet restricted)
rElec  .         Spirit   .     (no cloak)
rCorr  .         Warding  .     k - +0 pair of gloves
rMut   .         Stasis   .     (boots currently unavailable)
MR     .....                    (no amulet)
Stlth  +.........               (no ring)
                                (no ring)

@: lethally poisoned (0 -> -9), appendage, not resistant to hostile
enchantments, very unstealthy
A: unfitting armour, talons 3, cold-blooded, AC +5
a: End Transformation


You were on level 4 of the Dungeon.
You were hungry.
You had grown temporary talons.
You visited 1 branch of the dungeon, and saw 4 of its levels.

You collected 201 gold pieces.

Inventory:

Missiles
 a - 12 arrows
Armour
 k - a +0 pair of gloves (worn)
Jewellery
 m - an uncursed ring of poison resistance {unknown}
 u - an uncursed ring of magical power {unknown}
Wands
 r - a wand of polymorph (7)
 w - a wand of flame (8)
Scrolls
 d - 2 scrolls of immolation {unknown}
 h - a scroll of fear {unknown}
 i - 2 scrolls of amnesia {unknown}
 l - 3 scrolls of identify {unknown}
 n - a scroll of enchant armour {unknown}
 o - a scroll of random uselessness {unknown}
 s - a scroll of enchant weapon {unknown}
 v - a scroll of blinking {unknown}
 y - a scroll of noise {unknown}
Potions
 e - 2 potions of curing {unknown}
 f - a potion of haste {unknown}
 g - a potion of might {unknown}
 j - 2 potions of mutation {unknown}
 p - 2 potions of heal wounds {unknown}
 q - 3 potions of brilliance {unknown}
 t - a potion of lignification {unknown}
Books
 b - a book of Changes

   Spells                             Type                      Level
   a - Beastly Appendage              Transmutation                1
   b - Sticks to Snakes               Transmutation                2
   c - Spider Form                    Transmutation/Poison         3
   d - Ice Form                       Ice/Transmutation            4
   e - Blade Hands                    Transmutation                5
Comestibles
 c - 4 bread rations
 x - a chunk of flesh


   Skills:
 - Level 1.1 Fighting
 + Level 3.2 Dodging
 + Level 4.6 Unarmed Combat
 - Level 2.0 Spellcasting
 + Level 4.1 Transmutations


You had 7 spell levels left.
You knew the following spells:

 Your Spells              Type           Power        Failure   Level  Hunger
a - Beastly Appendage     Trmt           ##....       6%          1    ##.....


Dungeon Overview and Level Annotations

Branches:
Dungeon (4/15)
 Temple: D:4-7

Altars:
Ru


Innate Abilities, Weirdness & Mutations

Your plain brown scales are hard (AC +5).
Your body does not fit into most forms of armour.
You are cold-blooded and may be slowed by cold attacks.
You have claws for feet.


Message History

You feel sick. The worker ant bites you.
* * * LOW HITPOINT WARNING * * *
You are more poisoned.
The worker ant poisons you!
* * * LOW HITPOINT WARNING * * *
You feel sick. The worker ant closely misses you.
* * * LOW HITPOINT WARNING * * *
You feel sick.
* * * LOW HITPOINT WARNING * * *
You feel sick.
* * * LOW HITPOINT WARNING * * *
You feel sick.
* * * LOW HITPOINT WARNING * * *
You feel sick. The worker ant barely misses you.
* * * LOW HITPOINT WARNING * * *
You feel sick.
* * * LOW HITPOINT WARNING * * *
You feel sick.
Found a glowing long sword.
You die...

....).#.######.
............... ..
.............. ..<
............###.#####
...........#........
...........#......
#........#......
###..@..........##
######...a#...........#
####...........#<.........
.....##........#........#
.....#........##........#
#.......####..........
#.#.#..## #######.... #
#.#..# ... #.#..# .#


You could see a worker ant.

Vanquished Creatures
  An orc wizard (D:2)
  Ijyb (D:2)
  A worker ant (D:4)
  A hound skeleton (D:4)
  3 adders
  4 gnolls (D:3)
  3 oozes
  5 worms
  2 orcs (D:3)
  4 giant cockroaches
  4 hobgoblins
  4 jackals (D:3)
  A quokka (D:2)
  6 bats
  A giant gecko (D:1)
  6 giant newts
  5 goblins
  15 kobolds
  6 rats
73 creatures vanquished.

Vanquished Creatures (others)
  A plant (D:1)
1 creature vanquished.

Grand Total: 74 creatures vanquished

Notes
Turn   | Place    | Note
--------------------------------------------------------------
     0 | D:1      | lucasterio the Draconian Transmuter began the quest for the Orb.
     0 | D:1      | Reached XP level 1. HP: 16/16 MP: 3/3
   214 | D:1      | Reached XP level 2. HP: 18/23 MP: 5/5
  1456 | D:2      | Reached XP level 3. HP: 24/28 MP: 6/6
  1617 | D:2      | Found a sacrificial altar of Ru.
  1640 | D:2      | Reached skill level 4 in Unarmed Combat
  1640 | D:2      | Reached XP level 4. HP: 32/35 MP: 7/7
  2052 | D:2      | Noticed Ijyb
  2064 | D:2      | Killed Ijyb
  2368 | D:3      | Reached XP level 5. HP: 40/40 MP: 6/8
  3598 | D:4      | HP: 2/40 [poisoned by a worker ant]
  3600 | D:4      | Succumbed to a worker ant's poison

Action                   |  1- 3 |  4- 6 || total
-------------------------+-------+-------++-------
Melee: Unarmed           |   266 |   184 ||   450
 Cast: Beastly Appendage |     4 |     9 ||    13
 Stab: Invisible         |     1 |       ||     1
       Confused          |       |     1 ||     1
  Eat: Chunk             |     3 |     6 ||     9
